Map: Pillars of Gold LE

Players

RagnaroK (SHIN)

  • Race: Zerg Zerg
  • Spawn Location: 1:00

Stats - Winner!

  • Race: Protoss Protoss
  • Spawn Location: 7:00

Event: IEM Katowice 2021

VOD

Have the link to the VOD?

Description

Time

  • Played on: Feb. 25, 2021, 10:25 a.m.
  • Length: 10:51

All games in this series

Show
View Real Time Build Order
Export as new Build Order

RagnaroK Zerg 

Build Orders: Hatch First, Muta Ling Bane 

Get SALT Encoding   

  12  0:00  Drone  
  13  0:12  Overlord  
  13  0:17  Drone  
  14  0:30  Drone x2  
  16  0:46  Drone  
  17  0:55  Hatchery  
  16  0:58  Drone  
  16  0:59  Drone  
  18  1:14  Extractor  
  18  1:15  Spawning Pool  
  16  1:18  Drone  
  16  1:22  Drone  
  18  1:28  Drone  
  19  1:38  Drone  
  20  1:49  Overlord  
  20  2:02  Queen  
  20  2:06  Queen  
  20  2:07  Zergling x4  
  26  2:12  Drone  
  27  2:17  Metabolic Boost  
  27  2:19  Drone  
  27  2:21  Drone  
  29  2:34  Drone  
  30  2:42  Hatchery  
  29  2:46  Drone  
  29  2:51  Queen  
  30  2:56  Overlord  
  32  3:00  Drone  
  32  3:02  Drone  
  34  3:06  Drone x2  
  36  3:15  Drone x4  
  40  3:20  Spore Crawler  
  40  3:25  Drone x3  
  42  3:29  Queen  
  44  3:34  Overlord  
  44  3:38  Spore Crawler  
  44  3:41  Drone  
  44  3:42  Spore Crawler  
  44  3:45  Overlord  
  43  3:53  Drone  
  43  3:55  Drone x4  
  48  3:57  Drone  
  48  3:59  Drone  
  50  4:05  Zergling x6  
  50  4:08  Queen  
  55  4:18  Overlord x2  
  55  4:19  Drone x2  
  55  4:21  Drone  
  58  4:24  Overlord  
  57  4:35  Drone x2  
  57  4:37  Drone x6  
  62  4:40  Drone  
  63  4:45  Drone  
  63  4:46  Drone x2  
  63  4:51  Lair  
  63  4:52  Drone  
  64  4:53  Drone  
  64  4:57  Drone  
  64  4:59  Drone x3  
  69  5:01  Drone  
  69  5:04  Queen  
  69  5:05  Drone  
  73  5:09  Extractor  
  73  5:10  Baneling Nest  
  73  5:11  Extractor  
  73  5:12  Extractor, Drone  
  73  5:13  Extractor, Drone  
  70  5:16  Drone  
  70  5:17  Drone  
  70  5:18  Drone x2  
  70  5:20  Drone  
  75  5:24  Drone  
  75  5:25  Drone x3  
  75  5:26  Overlord  
  78  5:29  Drone x2  
  78  5:35  Overlord  
  80  5:39  Extractor, Queen  
  80  5:42  Drone  
  81  5:43  Overlord  
  81  5:44  Overlord  
  81  5:46  Drone x2  
  83  5:51  Hydralisk Den  
  83  5:54  Zergling x12  
  88  6:00  Hatchery  
  87  6:04  Drone  
  87  6:08  Overlord  
  89  6:11  Hatchery  
  89  6:12  Overlord  
  89  6:18  Drone  
  89  6:19  Drone  
  89  6:21  Drone  
  89  6:23  Grooved Spines  
  89  6:25  Spire  
  90  6:27  Hydralisk x4  
  90  6:32  Overlord  
  98  6:36  Hydralisk x3  
  102  6:48  Hydralisk x5  
  108  6:58  Drone  
  108  7:00  Evolution Chamber  
  108  7:02  Drone x7  
  108  7:03  Drone  
  116  7:09  Zergling x2, Overseer  
  116  7:13  Extractor  
  116  7:15  Overlord  
  116  7:16  Zergling x8  
  116  7:19  Extractor  
  119  7:26  Overlord  
  118  7:37  Mutalisk x10  
  137  7:47  Drone, Spore Crawler  
  137  7:48  Mutalisk x2  
  141  7:54  Mutalisk  
  142  8:04  Zerg Melee Weapons Level 1  
  142  8:05  Drone x2  
  137  8:06  Hydralisk  
  137  8:07  Zergling x22  
  149  8:14  Overlord x2  
  149  8:25  Overlord  
  149  8:27  Overlord  
  149  8:31  Drone x2  
  151  8:34  Centrifical Hooks  
  151  8:35  Hydralisk x8  
  151  8:39  Overlord  
  151  8:40  Overlord  
  167  8:44  Hydralisk  
  167  8:45  Zergling x6  
  172  8:49  Hydralisk  
  172  8:50  Zergling x4  
  172  8:53  Hydralisk, Zergling x4  
  180  8:57  Muscular Augments  
  180  8:59  Hydralisk  
  180  9:00  Zergling x4  
  184  9:05  Baneling x10  
  184  9:06  Baneling  
  184  9:08  Zergling x4  
  185  9:31  Hydralisk  
  185  9:32  Zergling x14  
  185  9:35  Baneling x27  
  185  9:36  Baneling  
  185  9:37  Zergling x2  
  185  9:38  Zergling x10  
  200  9:42  Baneling  
  200  9:43  Baneling x3  
  199  10:05  Hydralisk  
  199  10:06  Zergling x22  
  199  10:12  Zergling x22  
  199  10:13  Zergling x2  
  194  10:17  Hydralisk x3  
  194  10:18  Hydralisk x2, Zergling x2  
  170  10:25  Hydralisk x3  
  170  10:26  Zergling x2  
Show
View Real Time Build Order
Export as new Build Order

Stats Protoss - Winner!

Build Orders: 1 Gate Expand, Oracle Opening 

Get SALT Encoding   

  12  0:00  Probe  
  13  0:12  Probe  
  14  0:19  Pylon  
  14  0:24  Probe  
  15  0:37  Probe (Chrono Boost)  
  16  0:44  Gateway  
  16  0:46  Probe (Chrono Boost)  
  17  0:50  Assimilator  
  17  0:54  Probe  
  18  1:06  Probe  
  19  1:18  Probe  
  20  1:30  Nexus  
  20  1:39  Cybernetics Core  
  20  1:42  Probe  
  21  1:48  Assimilator  
  21  1:54  Probe  
  21  1:59  Pylon  
  22  2:06  Probe (Chrono Boost)  
  23  2:15  Adept (Chrono Boost)  
  23  2:19  Probe (Chrono Boost)  
  23  2:22  Stargate  
  26  2:24  Probe (Chrono Boost)  
  22  2:30  Warp Gate  
  28  2:39  Adept, Probe (Chrono Boost)  
  28  2:42  Probe (Chrono Boost)  
  33  2:51  Probe (Chrono Boost)  
  33  2:52  Probe (Chrono Boost)  
  33  2:56  Probe (Chrono Boost)  
  34  2:59  Void Ray (Chrono Boost)  
  34  3:00  Probe  
  35  3:08  Probe  
  40  3:13  Pylon  
  40  3:22  Probe x2  
  40  3:24  Adept  
  44  3:28  Gateway  
  44  3:34  Probe x2  
  44  3:37  Oracle  
  49  3:46  Pylon, Probe  
  49  3:47  Probe  
  51  4:04  Nexus  
  51  4:06  Stargate  
  51  4:08  Probe  
  52  4:10  Probe  
  52  4:14  Pylon  
  53  4:17  Assimilator  
  53  4:19  Assimilator  
  53  4:20  Probe  
  53  4:22  Void Ray (Chrono Boost)  
  53  4:23  Probe  
  59  4:38  Probe x2  
  59  4:44  Pylon, Void Ray (Chrono Boost)  
  57  4:50  Probe x2  
  59  4:59  Void Ray (Chrono Boost)  
  63  5:02  Probe x2  
  63  5:03  Forge  
  69  5:15  Probe x2 (Chrono Boost)  
  69  5:17  Twilight Council  
  69  5:19  Probe (Chrono Boost)  
  72  5:26  Probe x2 (Chrono Boost)  
  75  5:28  Shield Battery  
  75  5:29  Probe (Chrono Boost)  
  75  5:32  Protoss Ground Weapons Level 1 (Chrono Boost), Probe x2 (Chrono Boost)  
  75  5:34  Robotics Facility, Probe (Chrono Boost)  
  78  5:41  Probe x2  
  80  5:45  Probe (Chrono Boost)  
  80  5:46  Pylon  
  81  5:50  Pylon  
  81  5:51  Assimilator  
  81  5:56  Assimilator, Charge  
  84  5:57  Probe (Chrono Boost)  
  84  5:58  Probe x2 (Chrono Boost)  
  84  6:04  Probe (Chrono Boost)  
  84  6:06  Templar Archives, Probe x2 (Chrono Boost)  
  87  6:11  Probe  
  87  6:12  Gateway  
  87  6:14  Gateway  
  88  6:22  Gateway  
  88  6:23  Warp Prism (Chrono Boost)  
  88  6:24  Gateway  
  90  6:26  Gateway  
  90  6:29  Probe  
  90  6:30  Gateway  
  91  6:35  Pylon  
  91  6:36  Pylon  
  91  6:37  Void Ray  
  91  6:41  Void Ray, Psionic Storm  
  91  6:46  High Templar x2  
  99  6:52  Shield Battery  
  101  6:54  Pylon  
  101  7:00  Photon Cannon  
  101  7:04  Photon Cannon  
  101  7:06  Photon Cannon  
  101  7:11  High Templar  
  101  7:15  High Templar  
  105  7:22  Nexus  
  105  7:27  Zealot x4  
  113  7:30  Zealot  
  113  7:31  Zealot  
  116  7:38  Protoss Ground Weapons Level 2 (Chrono Boost)  
  116  7:45  Pylon  
  116  7:51  Immortal  
  120  8:05  Pylon  
  120  8:08  Shield Battery x2, High Templar x3  
  120  8:09  High Templar  
  120  8:10  Photon Cannon  
  120  8:11  Photon Cannon  
  128  8:16  Shield Battery  
  128  8:18  Archon, Photon Cannon  
  128  8:19  Archon  
  128  8:23  Fleet Beacon  
  128  8:28  Phoenix (Chrono Boost)  
  128  8:31  Phoenix (Chrono Boost)  
  132  8:39  Photon Cannon  
  132  8:40  Probe x4  
  136  8:46  Phoenix (Chrono Boost)  
  136  8:48  Phoenix (Chrono Boost)  
  137  8:55  Photon Cannon x2  
  137  8:57  Pylon x2  
  137  9:02  Assimilator  
  137  9:06  Assimilator  
  137  9:07  Anion Pulse-Crystals  
  137  9:09  Phoenix (Chrono Boost)  
  139  9:12  Zealot  
  141  9:17  Photon Cannon  
  141  9:20  Shield Battery, Phoenix  
  141  9:26  Phoenix  
  140  9:38  Probe x4  
  144  9:42  Zealot x8  
  160  9:45  Carrier  
  160  9:46  Carrier  
  164  10:16  Archon  
  164  10:17  Archon  
  164  10:20  Zealot x8  
  170  10:28  Stargate  
  170  10:29  Stargate  

Tags
 
Add a new tag
Caveats
  • Supply blocks, unpowered buildings, or Contaminate may cause inaccurate times.
  • Supply counts are checked every 10 seconds.